 Dungeon Crawl Stone Soup version 0.27-a0-1555-g0e7b3fb1d2 (webtiles) character file.

Game seed: 9634666370191904226

2 blackman the Firebug (level 1, 0/18 HPs)
             Began as a Human Wanderer on July 14, 2021.
             Slain by a jackal (2 damage)
             ... on level 1 of the Dungeon.
             The game lasted 00:01:37 (563 turns).

blackman the Firebug (Human Wanderer)                Turns: 563, Time: 00:01:38

Health: 0/18       AC:  2    Str: 12    XL:     1   Next: 33%
Magic:  1/1        EV: 11    Int: 12    God:
Gold:   0          SH:  0    Dex: 12    Spells: 1/1 levels left

rFire    . . .     SeeInvis .   c - -1 whip (elec)
rCold    . . .     Faith    .   (no shield)
rNeg     . . .     Spirit   .   b - +0 robe
rPois    .         Reflect  .   (no helmet)
rElec    .         Harm     .   (no cloak)
rCorr    .         Rampage  .   (no gloves)
Will     .....                  (no boots)
Stlth    +.........             (no amulet)
HPRegen  0.06/turn              (no ring)
MPRegen  0.07/turn              (no ring)

@: no status effects
A: no striking features
a: no special abilities


You were on level 1 of the Dungeon.
You visited 1 branch of the dungeon, and saw 1 of its levels.

Inventory:

Hand Weapons
 a - a +0 club
 c - a -1 whip of electrocution (weapon)
Armour
 b - a +0 robe (worn)


   Skills:
 - Level 3.0 Fighting
 - Level 1.0 Throwing
 - Level 1.0 Shields
 * Level 0.5 Spellcasting
 - Level 5.0 Fire Magic


You had one spell level left.
You didn't know any spells.
Your spell library contained the following spells:

 Spells                   Type           Power      Damage    Failure   Level
 Foxfire                  Conj/Fire      24%        2x1d5     12%         1
 Beastly Appendage        Tmut           0%         N/A       32%         1
 Conjure Flame            Conj/Fire      6%         6-21      34%         3
 Inner Flame              Hex/Fire       6%         N/A       34%         3
 Ignite Poison            Fire/Tmut/Pois 4%         N/A       43%         3
 Spider Form              Tmut/Pois      0%         N/A       67%         3
 Sticky Flame             Conj/Fire      6%         2d3       75%         4
 Fireball                 Conj/Fire      3%         3d4       97%         5


Dungeon Overview and Level Annotations

Branches:
Dungeon (1/15)

Altars:


Message History

The jackal barely misses you.
You hit the jackal but do no damage. The jackal barely misses you.
You closely miss the jackal. The jackal barely misses you. x2
You barely miss the jackal. You closely miss the jackal.
The jackal closely misses you. The jackal bites you.
The jackal closely misses you.
You closely miss the jackal. The jackal barely misses you.
The jackal misses you. The jackal closely misses you.
You hit the jackal but do no damage.
The jackal bites you but does no damage.
The jackal barely misses you. The jackal misses you.
You hit the jackal.
The jackal is heavily wounded.
The jackal closely misses you. The jackal barely misses you.
The jackal bites you.
You hit the jackal but do no damage.
The jackal is heavily wounded.
The jackal bites you. x2; The jackal misses you.
You are too injured to fight recklessly!
The jackal barely misses you. The jackal closely misses you.
There is an open door here.
You closely miss the jackal.
The jackal bites you but does no damage.
The jackal closely misses you.
You closely miss the jackal. The jackal bites you.
The jackal bites you but does no damage.
You closely miss the jackal.
The jackal bites you but does no damage.
You hit the jackal but do no damage. The jackal bites you.
* * * LOW HITPOINT WARNING * * *
The jackal closely misses you.
You hit the jackal.
The jackal is heavily wounded.
The jackal bites you.
* * * LOW HITPOINT WARNING * * *
You hit the jackal.
The jackal is almost dead.
The jackal bites you.
You die...

#≈○#≈≈#.#≈≈#°☼#.#
#§☼☼○○#.#≈○○○°#.# ###
#°°☼☼○#.#○○○°○#.# #..
#°○○○○#<#§☼§≈≈#.# #.#
#≈°≈°°#.#☼○○○≈#.# #.#
#☼°#○○#.#☼§#≈≈#†# #.##
#§☼☼☼○#.#○≈○≈°#.#####...
#≈☼○≈≈#.#°☼≈≈≈#...b...#.
##○☼°☼#@#≈○≈≈########...
######h###### #.b. #.h#
#... ##.## ####... #..#
#...... #......##
##...... #....###
#....... #.... #......#
#... #.##....


You could see 2 jackals.

Vanquished Creatures
  A quokka (D:1)
  A bat (D:1)
2 creatures vanquished.

Notes
Turn   | Place    | Note
-------+----------+-------------------------------------------
     0 | D:1      | blackman the Human Wanderer began the quest for the Orb.
     0 | D:1      | blackman set off with the following items: a +0 club, a +0
                  | robe; and the following spells available to memorise:
                  | Foxfire, Beastly Appendage, Conjure Flame, Inner Flame,
                  | Ignite Poison, Spider Form, Sticky Flame, Fireball
     0 | D:1      | Reached XP level 1. HP: 18/18 MP: 1/1
    38 | D:1      | Found a faded altar of an unknown god.
   563 | D:1      | Slain by a jackal

Illustrated notes

Levels and vault maps discovered:
D:1:      saegor_arrival_miasma, layout_basic, ebering_ecumenical_altar_rust,
          serial_shops, shop

Action                   || total
-------------------------++-------
Melee: Whip              ||    18
       Club              ||     3
Armor: Robe              ||    21
Dodge: Dodged            ||    45

Table legend: (Time is in decaauts)
 A = Elapsed time spent in this place.
 B = Non-inter-level travel time spent in this place.
 C = Inter-level travel time spent in this place.
 D = Time resting spent in this place.
 E = Time spent auto-exploring this place.
 F = Levels seen in this place.
 G = Mean time per level.
                   A        B        C        D        E       F      G
               +--------+--------+--------+--------+--------+-----+--------+
         Total |    565 |    553 |     12 |    425 |     43 |   1 |  565.0 |
       Dungeon |    565 |    553 |     12 |    425 |     43 |   1 |  565.0 |
               +--------+--------+--------+--------+--------+-----+--------+

Top non-repeatable levels by time:
     D:1: 565 daAuts
